 Dungeon Crawl Stone Soup version 0.19.5 (webtiles) character file.

35 RaHiT the Magician (level 3, -2/24 HPs)
             Began as a Mummy Conjurer on Apr 12, 2017.
             Killed from afar by Sigmund (16 damage)
             ... with a puff of flame
             ... on level 2 of the Dungeon.
             The game lasted 00:06:05 (1397 turns).

RaHiT the Magician (Mummy Conjurer)                 Turns: 1397, Time: 00:06:06

Health: -2/24      AC:  4    Str: 11    XL:     3   Next: 17%
Magic:  1/7        EV: 12    Int: 15    God:
Gold:   67         SH:  0    Dex: 12    Spells: 2 memorised, 5 levels left

rFire  x . .     SeeInvis .     i - +0 mace (venom)
rCold  + . .     Gourm    .     m - +0 robe (curse)
rNeg   + + +     Faith    .     (no shield)
rPois  ∞         Spirit   .     h - +2 hat
rElec  .         Reflect  .     (no cloak)
rCorr  .         Harm     .     (no gloves)
MR     .....                    (no boots)
Stlth  ++........               (no amulet)
                                (no ring)
                                (no ring)

@: very slightly contaminated
A: no food or potions, fire vulnerability, cold resistance 1, negative energy
resistance 3, torment resistance, unbreathing
a: no special abilities


You were on level 2 of the Dungeon.
You were not hungry.

You visited 1 branch of the dungeon, and saw 2 of its levels.

You collected 67 gold pieces.

Inventory:

Hand Weapons
 f - a +0 spear
 i - a +0 mace of venom (weapon)
Missiles
 d - 96 stones (quivered)
Armour
 a - a +0 robe
 h - a +2 hat (worn)
 m - a cursed +0 robe (worn)
Scrolls
 c - a scroll of random uselessness {unknown}
 e - 2 scrolls of blinking {unknown}
 j - a scroll of identify {unknown}
 k - a scroll of immolation {unknown}
 l - a scroll of teleportation {unknown}
 n - a scroll of enchant weapon {unknown}
Books
 b - a book of Conjurations

   Spells                             Type                      Level
   a - Magic Dart                     Conjuration                  1
   b - Searing Ray                    Conjuration                  2
   c - Dazzling Spray                 Conjuration/Hexes            3
   d - Fulminant Prism                Conjuration/Hexes            4
   e - Iskenderun's Mystic Blast      Conjuration                  4
   f - Iskenderun's Battlesphere      Conjuration/Charms           5


   Skills:
 - Level 1.5 Dodging
 - Level 1.5 Stealth
 * Level 3.4 Spellcasting
 - Level 3.2 Conjurations


You had 5 spell levels left.
You knew the following spells:

 Your Spells              Type           Power        Failure   Level  Hunger
a - Magic Dart            Conj           ##..         6%          1    N/A
q - Searing Ray           Conj           ##....       10%         2    N/A

Dungeon Overview and Level Annotations

Branches:
Dungeon (2/15)

Altars:

Annotations:
D:2 Sigmund


Innate Abilities, Weirdness & Mutations

You do not eat or drink.
Your flesh is vulnerable to fire.
You are immune to poison.
Your flesh is cold resistant. (rC+)
You are immune to negative energy. (rN+++)
You are immune to unholy pain and torment.
You can survive without breathing.


Message History

Throwing (i - inventory. (,) - cycle):
g - a javelin (quivered)
Press: ? - help, Shift-Dir - straight line, f/p - Sigmund
Aim: Sigmund, wielding a scythe and wearing a robe (almost dead)
You throw a javelin. The javelin barely misses Sigmund.
Sigmund completely misses you.
Casting: Magic Dart
Confirm with . or Enter, or press ? or * to list all spells.
Aiming: Magic Dart
Press: ? - help, Shift-Dir - straight line, f/p - Sigmund
Aim: Sigmund, wielding a scythe and wearing a robe (almost dead)
You miscast Magic Dart.
You are very lightly contaminated with residual magic.
Nothing appears to happen.
Sigmund mumbles some strange words.
Sigmund flickers and vanishes!
Deactivating autopickup; reactivate with Ctrl-A.
A puff of flame appears from out of thin air!
The puff of flame hits you! The fire burns you terribly!
Ouch! That really hurt!
You die...

..###. #.........#..
......##............
...##...........%#.#
......#.)........#.#
.................#.#
.......#..##.###...#
..........##.###..##
..(.(.........#...#####
....)....##..@........#
......$..#..###..####.##
....(....#.###.....##..#
.........#. #.....###.####
.#..$....#.
##..........>.#
##.......................#
##.......##.............#
......#........#
##.....#........#


There were no monsters in sight!

Vanquished Creatures
  An adder (D:2)
  A dart slug (D:1)
  A giant cockroach (D:1)
  5 hobgoblins (D:1)
  6 jackals (D:1)
  A kobold (D:1)
  3 bats (D:1)
  4 rats (D:1)
22 creatures vanquished.

Notes
Turn   | Place    | Note
-------+----------+-------------------------------------------
     0 | D:1      | RaHiT the Mummy Conjurer began the quest for the Orb.
     0 | D:1      | Reached XP level 1. HP: 13/13 MP: 3/3
   432 | D:1      | Reached XP level 2. HP: 13/19 MP: 0/5
   441 | D:1      | Learned a level 2 spell: Searing Ray
  1304 | D:2      | Reached XP level 3. HP: 24/24 MP: 2/7
  1372 | D:2      | Noticed Sigmund
  1397 | D:2      | Killed from afar by Sigmund

Skill      XL: |  1  2 |
---------------+-------+-----
Spellcasting   | 3 |  3.4
Dodging        | |  1.5
Stealth        | |  1.5
Conjurations   | |  3.2

Action                   || total
-------------------------++-------
Melee: Spear             ||    30
       Mace              ||     3
Throw: Javelin           ||     4
 Cast: Magic Dart        ||    29
       Searing Ray       ||     6
 Stab: Sleeping          ||     1
Armor: Robe              ||    11
Dodge: Dodged            ||    38
